APP
PRINCETON RAYS @ OREM OWLZ
05/23/2044
 
TOP OF THE 1ST
Princeton Rays batting - Pitching for Orem Owlz : LHP Paul Griffin
Pitching: LHP Paul Griffin
Batting: SHB Chris Lockart 0-0: Called Strike
0-1: Ball
1-1: Swinging Strike
1-2: Strikes out swinging
Batting: RHB James Huddleston 0-0: Called Strike
0-1: Ball
1-1: Ball
2-1: Called Strike
2-2: Ball
3-2: Base on Balls
Batting: RHB Dan Marks 0-0: Ball
1-0: Called Strike
1-1: Ball
2-1: Foul Ball, location: 2F
2-2: Ball
3-2: Foul Ball, location: 2F
3-2: SINGLE (Line Drive, 78S, EV 103.1 MPH)
James Huddleston to second
Batting: RHB Wil Urban 0-0: Ball
1-0: Ball
2-0: Ball
3-0: Called Strike
3-1: Base on Balls
James Huddleston to third
Dan Marks to second
Batting: SHB Lou Kroneman 0-0: DOUBLE (Groundball, 5L, EV 106.3 MPH)
James Huddleston scores
Dan Marks scores
Wil Urban to third
Batting: RHB Chris Thorson 0-0: Ground out 5-3 (Groundball, 5S, EV 88.1 MPH)
Batting: SHB Wayne Hattan 0-0: Ball
1-0: Called Strike
1-1: Called Strike
1-2: Ball
2-2: Ball
3-2: DOUBLE (Line Drive, 8LXD, EV 110.0 MPH)
Wil Urban scores
Lou Kroneman scores
Batting: RHB Hector Silva 0-0: Called Strike
0-1: Swinging Strike
0-2: Strikes out swinging
Top of the 1st over - 4 runs, 3 hits, 0 errors, 1 left on base; Princeton 4 - Orem 0
BOTTOM OF THE 1ST
Orem Owlz batting - Pitching for Princeton Rays : RHP Ruben Requena
Pitching: RHP Ruben Requena
Batting: SHB Butch Brown 0-0: Ball
1-0: Ball
2-0: Called Strike
2-1: Ball
3-1: Foul Ball, location: 2F
3-2: Base on Balls
Batting: LHB Justin Alexander 0-0: Called Strike
0-1: Foul Ball, location: 2F
0-2: Strikes out swinging
Batting: LHB Brett Bugge 0-0: Ball
1-0: Ball
2-0: Fielders Choice at 2nd, 6-4 (Groundball, 6, EV 76.3 MPH)
Batting: RHB Mike Alm 0-0: Foul Ball, location: 2F
0-1: Ball
1-1: Swinging Strike
1-2: Foul Ball, location: 2F
1-2: Ball
2-2: Strikes out swinging
Bottom of the 1st over - 0 runs, 0 hits, 0 errors, 1 left on base; Princeton 4 - Orem 0
TOP OF THE 2ND
Princeton Rays batting - Pitching for Orem Owlz : LHP Paul Griffin
Batting: RHB Kunizo Yanagisawa 0-0: Called Strike
0-1: Ball
1-1: Foul Ball, location: 2F
1-2: Ball
2-2: Foul Ball, location: 2F
2-2: Ball
3-2: Reached via error on a dropped throw from SS, E3 (Groundball, 6S, EV 91.3 MPH)
Batting: SHB Chris Lockart 0-0: Ball
1-0: Fly out, F9 (Flyball, 9S, EV 87.5 MPH)
Batting: RHB James Huddleston 0-0: Called Strike
0-1: Foul Ball, location: 2F
0-2: Ball
1-2: Strikes out swinging
Batting: RHB Dan Marks 0-0: Called Strike
0-1: Swinging Strike
0-2: Ball
1-2: Fielders Choice at 2nd, 6-4 (Groundball, 6, EV 78.1 MPH)
Top of the 2nd over - 0 runs, 0 hits, 1 error, 1 left on base; Princeton 4 - Orem 0
BOTTOM OF THE 2ND
Orem Owlz batting - Pitching for Princeton Rays : RHP Ruben Requena
Batting: RHB Ryan Pelletier 0-0: Called Strike
0-1: Foul Ball, location: 2F
0-2: Foul Ball, location: 2F
0-2: Fly out, F7 (Flyball, 7, EV 78.8 MPH)
Batting: RHB Danny Bjarnson 0-0: Ground out 4-3 (Groundball, 34, EV 92.5 MPH)
Batting: LHB Nick Isaac 0-0: Ball
1-0: Ball
2-0: Called Strike
2-1: Ground out 4-3 (Groundball, 4, EV 90.6 MPH)
Bottom of the 2nd over - 0 runs, 0 hits, 0 errors, 0 left on base; Princeton 4 - Orem 0
TOP OF THE 3RD
Princeton Rays batting - Pitching for Orem Owlz : LHP Paul Griffin
Batting: RHB Wil Urban 0-0: Called Strike
0-1: Foul Ball, location: 2F
0-2: Foul Ball, location: 2F
0-2: Foul Ball, location: 2F
0-2: Ball
1-2: Ball
2-2: Foul Ball, location: 2F
2-2: Strikes out swinging
Batting: SHB Lou Kroneman 0-0: Ball
1-0: Hit by Pitch
Batting: RHB Chris Thorson 0-0: Ball
Wild Pitch!
Lou Kroneman to second
1-0: Swinging Strike
1-1: Called Strike
1-2: Ball
2-2: Ball
Wild Pitch!
Lou Kroneman to third
3-2: Base on Balls
Batting: SHB Wayne Hattan 0-0: Ball
1-0: Called Strike
1-1: Foul Ball, location: 2F
1-2: Ground out 3-1 (Groundball, 34S, EV 83.1 MPH)
Lou Kroneman scores
Chris Thorson to second
Batting: RHB Hector Silva 0-0: Ball
1-0: Fly out, F4 (Popup, 34S, EV 70.0 MPH)
Top of the 3rd over - 1 run, 0 hits, 0 errors, 1 left on base; Princeton 5 - Orem 0
BOTTOM OF THE 3RD
Orem Owlz batting - Pitching for Princeton Rays : RHP Ruben Requena
Batting: RHB Kinya Nishimura 0-0: Ball
1-0: Called Strike
1-1: Fly out, F3 (Line Drive, 3, EV 63.1 MPH)
Batting: RHB Jose Ramirez 0-0: Ball
1-0: Ball
2-0: Called Strike
2-1: Ground out 4-3 (Groundball, 34, EV 109.4 MPH)
Batting: SHB Butch Brown 0-0: DOUBLE (Flyball, 78D, EV 91.9 MPH)
Batting: LHB Justin Alexander 0-0: Foul Ball, location: 2F
0-1: Ball
1-1: Ball
2-1: Ground out 4-3 (Groundball, 4, EV 92.5 MPH)
Bottom of the 3rd over - 0 runs, 1 hit, 0 errors, 1 left on base; Princeton 5 - Orem 0
TOP OF THE 4TH
Princeton Rays batting - Pitching for Orem Owlz : LHP Paul Griffin
Batting: RHB Kunizo Yanagisawa 0-0: Ball
1-0: Called Strike
1-1: SINGLE (Line Drive, 7S, EV 101.3 MPH)
Batting: SHB Chris Lockart 0-0: Called Strike
0-1: Ball
1-1: Ball
2-1: DOUBLE (Line Drive, 78D, EV 111.3 MPH)
Kunizo Yanagisawa to third
Pitching: RHP Troy Ingram
Batting: RHB James Huddleston 0-0: Called Strike
0-1: Fly out, F3 (Popup, 34, EV 58.8 MPH)
Batting: RHB Dan Marks 0-0: Ball
Wild Pitch!
Kunizo Yanagisawa scores
Chris Lockart to third
1-0: Ball
2-0: Ball
3-0: Base on Balls
Batting: RHB Wil Urban 0-0: Foul Ball, location: 2F
0-1: Ball
1-1: Foul Ball, location: 2F
1-2: Foul Ball, location: 2F
1-2: Ball
2-2: Ball
3-2: Base on Balls
Dan Marks to second
Batting: SHB Lou Kroneman 0-0: Called Strike
0-1: Fly out, F5 (Popup, 5SF, EV 70.6 MPH)
Batting: RHB Chris Thorson 0-0: Swinging Strike
0-1: Foul Ball, location: 2F
0-2: Strikes out looking
Top of the 4th over - 1 run, 2 hits, 0 errors, 3 left on base; Princeton 6 - Orem 0
BOTTOM OF THE 4TH
Orem Owlz batting - Pitching for Princeton Rays : RHP Ruben Requena
Batting: LHB Brett Bugge 0-0: SINGLE (Groundball, 4MD, EV 96.9 MPH)
Batting: RHB Mike Alm 0-0: Called Strike
0-1: Ball
Passed Ball!
Brett Bugge to second
1-1: Called Strike
1-2: SINGLE (Groundball, 56D, EV 103.1 MPH)
Brett Bugge to third
Runner from 3rd tries for Home, SAFE, throw by LF to home
Mike Alm to second
Batting: RHB Ryan Pelletier 0-0: Called Strike
0-1: Foul Ball, location: 2F
0-2: Foul Ball, location: 2F
0-2: Ball
1-2: Ball
2-2: Strikes out swinging
Batting: RHB Danny Bjarnson 0-0: Called Strike
0-1: Fly out, F7 (Line Drive, 7, EV 104.4 MPH)
Batting: LHB Nick Isaac 0-0: Called Strike
0-1: Ball
1-1: Foul Ball, location: 2F
1-2: Ball
2-2: Ball
3-2: Base on Balls
Batting: RHB Kinya Nishimura 0-0: Ball
1-0: 3-RUN HOME RUN (Flyball, 78XD, EV 111.3 MPH), Distance : 432 ft
Batting: RHB Jose Ramirez 0-0: Ball
1-0: Called Strike
1-1: Foul Ball, location: 2F
1-2: Foul Ball, location: 2F
1-2: Ball
2-2: Ball
3-2: Fly out, F4 (Line Drive, 4, EV 70.0 MPH)
Bottom of the 4th over - 4 runs, 3 hits, 0 errors, 0 left on base; Princeton 6 - Orem 4
TOP OF THE 5TH
Princeton Rays batting - Pitching for Orem Owlz : RHP Troy Ingram
Batting: SHB Wayne Hattan 0-0: Foul Ball, location: 2F
0-1: Foul Ball, location: 2F
0-2: Strikes out looking
Batting: RHB Hector Silva 0-0: Ball
1-0: Called Strike
1-1: Ball
2-1: Called Strike
2-2: Strikes out swinging
Batting: RHB Kunizo Yanagisawa 0-0: Fly out, F8 (Flyball, 8RD, EV 89.4 MPH)
Top of the 5th over - 0 runs, 0 hits, 0 errors, 0 left on base; Princeton 6 - Orem 4
BOTTOM OF THE 5TH
Orem Owlz batting - Pitching for Princeton Rays : RHP Ruben Requena
Batting: SHB Butch Brown 0-0: Fly out, F1 (Line Drive, P, EV 62.5 MPH)
Batting: LHB Justin Alexander 0-0: Called Strike
0-1: Ball
1-1: Ball
2-1: Foul Ball, location: 2F
2-2: Ball
3-2: Base on Balls
Batting: LHB Brett Bugge 0-0: Ball
Justin Alexander steals 2nd base
1-0: Swinging Strike
1-1: Ball
2-1: Ball
3-1: Base on Balls
Batting: RHB Mike Alm 0-0: Ball
1-0: Called Strike
1-1: Fielders Choice at 2nd, 6-4 (Groundball, 6, EV 85.6 MPH)
Justin Alexander to third
Batting: RHB Ryan Pelletier 0-0: Called Strike
0-1: Fly out, F8 (Line Drive, 8LM, EV 99.4 MPH)
Bottom of the 5th over - 0 runs, 0 hits, 0 errors, 2 left on base; Princeton 6 - Orem 4
TOP OF THE 6TH
Princeton Rays batting - Pitching for Orem Owlz : RHP Troy Ingram
Batting: SHB Chris Lockart 0-0: Called Strike
0-1: Ball
1-1: Ball
2-1: Foul Ball, location: 2F
2-2: Ball
3-2: Base on Balls
Pitching: RHP Kennie Williams
Batting: RHB James Huddleston 0-0: Called Strike
0-1: Ball
1-1: Ball
2-1: Ball
3-1: SINGLE (Groundball, 56S, EV 68.8 MPH) (infield hit)
Chris Lockart to second
Batting: RHB Dan Marks 0-0: Ball
1-0: Foul Ball, location: 2F
1-1: Fly out, F9 (Flyball, 9D, EV 90.6 MPH)
Runner from 2nd tags up, SAFE at 3rd, no throw by RF
Batting: RHB Wil Urban 0-0: Ball
1-0: Ball
2-0: Ball
3-0: Foul Ball, location: 2F
3-1: Called Strike
James Huddleston steals 2nd base
3-2: Foul Ball, location: 2F
3-2: Strikes out looking
Batting: SHB Lou Kroneman 0-0: Foul Ball, location: 2F
0-1: Ground out 4-3 (Groundball, 34, EV 81.9 MPH)
Top of the 6th over - 0 runs, 1 hit, 0 errors, 2 left on base; Princeton 6 - Orem 4
BOTTOM OF THE 6TH
Orem Owlz batting - Pitching for Princeton Rays : RHP Ruben Requena
Batting: RHB Danny Bjarnson 0-0: Ball
1-0: Foul Ball, location: 2F
1-1: Ball
2-1: Foul Ball, location: 2F
2-2: Ball
3-2: Foul Ball, location: 2F
3-2: Base on Balls
Batting: LHB Nick Isaac 0-0: Ball
1-0: 2-RUN HOME RUN (Flyball, 7LD, EV 90.0 MPH), Distance : 335 ft
Pitching: RHP Ron Garrett
Batting: RHB Kinya Nishimura 0-0: Reached on error, E9 (Flyball, 9LS, EV 85.6 MPH)
Batting: RHB Jose Ramirez 0-0: Ball
1-0: Called Strike
1-1: Foul Ball, location: 2F
1-2: Ground out 5-3 (Groundball, 56, EV 112.5 MPH)
Kinya Nishimura to second
Batting: SHB Butch Brown 0-0: Called Strike
0-1: Foul Ball, location: 2F
0-2: Ball
1-2: Ground out 6-3 (Groundball, 6, EV 96.3 MPH)
Batting: LHB Justin Alexander 0-0: Foul Ball, location: 2F
0-1: SINGLE (Groundball, 3D, EV 104.4 MPH)
Kinya Nishimura to third
Runner from 3rd tries for Home, throw by RF and OUT! 9-2
Bottom of the 6th over - 2 runs, 2 hits, 1 error, 1 left on base; Princeton 6 - Orem 6
TOP OF THE 7TH
Princeton Rays batting - Pitching for Orem Owlz : RHP Kennie Williams
Pitching: RHP Simon Vogel
Batting: RHB Chris Thorson 0-0: Called Strike
0-1: Called Strike
0-2: Ball
1-2: Strikes out swinging
Batting: SHB Wayne Hattan 0-0: Foul Ball, location: 2F
0-1: Ball
1-1: Ground out 4-3 (Groundball, 4M, EV 85.0 MPH)
Batting: RHB Hector Silva 0-0: Ball
1-0: Foul Ball, location: 2F
1-1: Foul Ball, location: 2F
1-2: Ground out 3-1 (Groundball, 34, EV 102.5 MPH)
Top of the 7th over - 0 runs, 0 hits, 0 errors, 0 left on base; Princeton 6 - Orem 6
BOTTOM OF THE 7TH
Orem Owlz batting - Pitching for Princeton Rays : RHP Ron Garrett
Pitching: RHP John Morgan
Batting: LHB Brett Bugge 0-0: Ball
1-0: Swinging Strike
1-1: SINGLE (Groundball, 56D, EV 105.6 MPH)
Batting: RHB Mike Alm 0-0: Ball
1-0: Foul Ball, location: 2F
1-1: Ball
2-1: Foul Ball, location: 2F
2-2: Foul Ball, location: 2F
2-2: Grounds into double play, 5-4-3 (Groundball, 25, EV 88.1 MPH)
Batting: RHB Ryan Pelletier 0-0: SINGLE (Groundball, 6D, EV 102.5 MPH)
Batting: RHB Danny Bjarnson 0-0: Ball
Ryan Pelletier is caught stealing 2nd base 2-4
Bottom of the 7th over - 0 runs, 2 hits, 0 errors, 0 left on base; Princeton 6 - Orem 6
TOP OF THE 8TH
Princeton Rays batting - Pitching for Orem Owlz : RHP Simon Vogel
Pinch Hitting: LHB Josh Redfern 0-0: Ground out 5-3 (Groundball, 56, EV 109.4 MPH)
Batting: SHB Chris Lockart 0-0: Fly out, F8 (Flyball, 8LXD, EV 98.1 MPH)
Batting: RHB James Huddleston 0-0: Foul Ball, location: 2F
0-1: Ground out 5-3 (Groundball, 56S, EV 86.3 MPH)
Top of the 8th over - 0 runs, 0 hits, 0 errors, 0 left on base; Princeton 6 - Orem 6
BOTTOM OF THE 8TH
Orem Owlz batting - Pitching for Princeton Rays : RHP John Morgan
Now at C: Jon Gonzales
Batting: RHB Danny Bjarnson 0-0: Called Strike
0-1: Ground out U3 (Groundball, 3, EV 92.5 MPH)
Batting: LHB Nick Isaac 0-0: Ball
1-0: Ball
2-0: Called Strike
2-1: Ball
3-1: Foul Ball, location: 2F
3-2: Base on Balls
Batting: RHB Kinya Nishimura 0-0: Ball
1-0: Ball
2-0: Called Strike
2-1: Ball
3-1: SINGLE (Flyball, 9S, EV 98.1 MPH)
Nick Isaac to second
Pinch Runner at 2nd Tristan Lewis:
Batting: RHB Jose Ramirez 0-0: Bunted foul
0-1: Sac Bunt to 15 - play at first, batter OUT! 1-4
Tristan Lewis to third
Kinya Nishimura to second
Batting: SHB Butch Brown 0-0: DOUBLE (Line Drive, 3D, EV 98.1 MPH)
Tristan Lewis scores
Kinya Nishimura scores
Batting: LHB Justin Alexander 0-0: Swinging Strike
0-1: Swinging Strike
0-2: Strikes out swinging
Bottom of the 8th over - 2 runs, 2 hits, 0 errors, 1 left on base; Princeton 6 - Orem 8
TOP OF THE 9TH
Princeton Rays batting - Pitching for Orem Owlz : RHP Simon Vogel
Now at 1B: Roger Payne
Batting: RHB Dan Marks 0-0: Ball
1-0: Ball
2-0: Ball
3-0: Called Strike
3-1: Base on Balls
Batting: RHB Wil Urban 0-0: Ball
1-0: Called Strike
1-1: Ball
2-1: Foul Ball, location: 2F
2-2: Strikes out swinging
Batting: SHB Lou Kroneman 0-0: Called Strike
0-1: DOUBLE (Flyball, 8LXD, EV 91.9 MPH)
Dan Marks to third
Batting: RHB Chris Thorson 0-0: Ball
1-0: Ball
2-0: Swinging Strike
2-1: Ball
3-1: Base on Balls
Pitching: RHP Tim Anderson
Batting: SHB Wayne Hattan 0-0: Ball
1-0: Grounds into double play, 3-6-3 (Groundball, 3, EV 100.6 MPH)
Top of the 9th over - 0 runs, 1 hit, 0 errors, 2 left on base; Princeton 6 - Orem 8
Thursday, March 31st , 2022 - OOTP Baseball 22.12 Build 89